 Dungeon Crawl Stone Soup version 0.17-a0-1738-g82cdc46 (webtiles) character file.

11491 kae the Whirler (level 12, -14/121 HPs)
             Began as a Halfling Hunter on Aug 30, 2015.
             Was a High Priest of Okawaru.
             Demolished by a minotaur
             ... wielding a +0 eveningstar
              (33 damage)
             ... in a labyrinth.
             The game lasted 00:22:12 (11314 turns).

kae the Whirler (Halfling Hunter)                  Turns: 11314, Time: 00:22:12

Health: -14/121    AC: 22    Str: 12    XL:     12   Next: 8%
Magic:  12/12      EV:  3    Int: 14    God:    Okawaru [*****.]
Gold:   200        SH:  0    Dex: 20    Spells: 0 memorised, 11 levels left

rFire  + . .     SeeInvis .     a - +6 hunting sling (freeze)
rCold  . . .     Clarity  .     (armour currently unavailable)
rNeg   + + +     SustAt   .     (shield restricted)
rPois  +         Gourm    .     (helmet currently unavailable)
rElec  .         Spirit   .     (cloak currently unavailable)
rCorr  .         Warding  .     (gloves currently unavailable)
rMut   .         NoTele   +     (boots currently unavailable)
MR     .....                    (no amulet)
Stlth  +++++.....               D - ring "Jomuat" {+Fly rF+ Int+4 Slay+3}
                                j - ring of poison resistance

@: tree-form, heroism, corroded equipment, not resistant to hostile
enchantments, quite stealthy
A: mutation resistance 1
a: Heroism, Finesse, Renounce Religion


You were in a labyrinth.
You worshipped Okawaru.
Okawaru was extremely pleased with you.
You were very hungry.
You were a tree.
You visited 2 branches of the dungeon, and saw 12 of its levels.
You also visited: Labyrinth.

You collected 515 gold pieces.
You spent 315 gold pieces at shops.

Inventory:

Hand weapons
 a - a +6 hunting sling of freezing (weapon)
 b - a +0 short sword
 c - a +0 broad axe of distortion
 n - a +1 hunting sling
Missiles
 f - 173 stones
 x - 23 sling bullets (quivered)
 M - 36 sling bullets of flame
 N - 27 exploding sling bullets
 S - 16 silver sling bullets
 V - 11 steel sling bullets
Armour
 d - a +1 leather armour
 l - a +2 pair of gloves (melded)
 q - a +2 pair of boots (melded)
 z - a +0 cloak (melded)
 B - the +1 leather armour of the Heavens (melded) {*Corrode +Blink rC+ Str+3}
   (You bought it in a shop on level 7 of the Dungeon)

   It affects your strength (+3).
   It protects you from cold.
   It lets you blink.
   It may corrode your equipment when you take damage.
Jewellery
 j - a ring of poison resistance (left branch)
 t - an uncursed ring of fire
 u - an uncursed ring of teleportation
 D - the ring "Jomuat" (right branch) {+Fly rF+ Int+4 Slay+3}
   (You found it on level 7 of the Dungeon)

   [ring of flight]

   It affects your intelligence (+4).
   It affects your accuracy and damage with ranged weapons and melee attacks
   (+3).
   It protects you from fire.
   It lets you fly.
Magical devices
 w - a wand of slowing (17)
 y - a wand of enslavement (13)
 C - a wand of cold (5)
 I - a wand of flame (19)
 L - a wand of flame (39)
 P - a wand of cold (8)
 R - a wand of fire (3)
Scrolls
 o - a scroll of teleportation
 F - a scroll of enchant weapon
 H - 3 scrolls of remove curse
 J - 2 scrolls of enchant armour
 U - a scroll of fog
Potions
 h - 4 potions of brilliance
 i - a potion of invisibility
 k - 6 potions of curing
 m - 2 potions of haste
 r - a potion of flight
 s - 2 potions of agility
 A - a potion of lignification
 E - a potion of ambrosia
 Q - a potion of might
Books
 G - a book of the Tempests

   Spells                             Type                      Level
   a - Static Discharge               Conjuration/Air              3
   b - Lightning Bolt                 Conjuration/Air              5
   c - Fireball                       Conjuration/Fire             5
   d - Tornado                        Air                          9
   e - Shatter                        Earth                        9
Comestibles
 e - 5 bread rations
 g - 5 meat rations
 K - 5 fruits


   Skills:
 + Level 7.0(12.0) Fighting
 - Level 20.0(25.0) Slings
 + Level 8.4(13.4) Dodging
 - Level 1.1(6.1) Stealth


You had 11 spell levels left.
You didn't know any spells.

Dungeon Overview and Level Annotations

Branches:
Dungeon (11/15)            Temple (0/1) D:7            Lair (1/8) D:11
    Orc (0/4) D:10

Altars:
Ashenzari
Cheibriados
Elyvilon
Fedhas
Kikubaaqudgha
Okawaru
Trog
Vehumet
The Shining One

Shops:
D:6 *   D:7 [   D:9 =   D:11 :

Annotations:
D:4 kae's ghost, average FoFi


Innate Abilities, Weirdness & Mutations

You are small and have problems with some larger weapons.
You are somewhat resistant to further mutation.


Message History

You shoot a sling bullet. The sling bullet hits the minotaur!
The sling bullet freezes the minotaur.
The minotaur is moderately wounded.
The minotaur hits you with an eveningstar.
* * * LOW HITPOINT WARNING * * *
The minotaur gores you but does no damage.
Firing (i - inventory. (,) - cycle):
x - 25 sling bullets (quivered)
Press: ? - help, Shift-Dir - straight line, f/p - minotaur
Aim: a minotaur, wielding an eveningstar, wearing a crystal plate armour, wearing a shield and wearing an encrusted onyx ring (moderately wounded)
You shoot a sling bullet.
The sling bullet hits the minotaur but does no damage.
The minotaur is moderately wounded.
Firing (i - inventory. (,) - cycle):
x - 24 sling bullets (quivered)
Press: ? - help, Shift-Dir - straight line, f/p - minotaur
Aim: a minotaur, wielding an eveningstar, wearing a crystal plate armour, wearing a shield and wearing an encrusted onyx ring (moderately wounded)
You shoot a sling bullet.
The sling bullet hits the minotaur but does no damage.
The minotaur is moderately wounded.
The minotaur hits you with an eveningstar!!
You die...

... #=.[# .#
.. . ###.
8(8# #
#..#.(.#... #
#..#8.8#.# ##
#..##(##....#
##.......##.#
#...#.... . #
#.#.#H###.###
. . .#♣# ..
#.## ### # #.
. . # ###


You could see a minotaur.

Vanquished Creatures
  A hydra (Lair:1)
  Erolcha (D:8)
  The ghost of kae the Martial Artist, a powerful DsMo of Qazlal (D:11)
  A hill giant (D:10)
  An ugly thing (D:11)
  Maurice (D:8)
  A spiny frog (Lair:1)
  The ghost of PeterLawrence the Cleaver, an experienced MiFi of Okawaru (D:6)
  A fire drake (D:11)
  A troll (D:9)
  A two-headed ogre (D:8)
  2 hungry ghosts (D:10)
  5 yaks (D:10)
  A trapdoor spider (Lab)
  A steam dragon (D:8)
  2 orc warriors (D:9)
  8 water moccasins
  2 sky beasts
  A wasp (D:10)
  2 black bears
  A porcupine (Lair:1)
  5 phantoms
  A crocodile (D:7)
  4 ogres
  7 centaurs
  12 giant frogs
  A scorpion (D:5)
  A water moccasin skeleton (D:7)
  4 killer bees (D:11)
  2 troll zombies (D:10)
  5 wights (D:9)
  A giant frog zombie (D:6)
  8 hounds
  A giant frog skeleton (D:7)
  A quasit (D:8)
  4 crimson imps
  5 iguanas
  2 jellies (D:10)
  4 orc wizards
  5 orc priests
  2 worker ants
  A killer bee zombie (D:6)
  3 ogre zombies (D:10)
  9 adders
  4 gnolls
  3 shadow imps
  An ooze (D:2)
  An adder zombie (D:9)
  An adder skeleton (D:6)
  5 giant geckos
  27 orcs
  7 bats
  10 goblins
  8 hobgoblins
  10 jackals
  6 quokkas
  4 giant cockroaches
  4 giant newts
  A goblin skeleton (D:10)
  2 goblin zombies (D:10)
  A hobgoblin skeleton (D:10)
  3 hobgoblin zombies (D:10)
  7 kobolds
  2 orc skeletons (D:10)
  10 orc zombies (D:10)
  A quokka skeleton (D:4)
  8 rats
  A plant (D:7)
251 creatures vanquished.

Notes
Turn   | Place    | Note
--------------------------------------------------------------
     0 | D:1      | kae the Halfling Hunter began the quest for the Orb.
     0 | D:1      | Reached XP level 1. HP: 14/14 MP: 1/1
    24 | D:1      | Reached skill level 6 in Slings
    84 | D:1      | Reached XP level 2. HP: 8/19 MP: 2/2
   672 | D:1      | Reached skill level 7 in Slings
   672 | D:1      | Reached XP level 3. HP: 24/24 MP: 3/3
  1182 | D:2      | Found an iron altar of Okawaru.
  1233 | D:2      | Became a worshipper of Warmaster Okawaru
  1248 | D:2      | Reached XP level 4. HP: 29/29 MP: 4/4
  1268 | D:2      | Found a glowing golden altar of the Shining One.
  1393 | D:2      | Reached skill level 8 in Slings
  1600 | D:2      | Found a white marble altar of Elyvilon.
  1600 | D:2      | Found a radiant altar of Vehumet.
  2215 | D:3      | Found a snail-covered altar of Cheibriados.
  2225 | D:3      | Reached XP level 5. HP: 34/34 MP: 5/5
  2396 | D:3      | Reached skill level 9 in Slings
  2808 | D:4      | Found a shattered altar of Ashenzari.
  3009 | D:4      | Noticed kae's ghost (average FoFi)
  3145 | D:5      | Entered Level 5 of the Dungeon
  3177 | D:5      | Noticed a sky beast
  3206 | D:5      | Reached XP level 6. HP: 37/39 MP: 6/6
  3254 | D:5      | Reached skill level 10 in Slings
  3379 | D:5      | Acquired Okawaru's first power
  3552 | D:5      | Killed a sky beast
  3552 | D:5      | Reached skill level 11 in Slings
  3552 | D:5      | Reached XP level 7. HP: 27/44 MP: 7/7
  3760 | D:5      | Noticed a phantom
  3793 | D:5      | Killed a phantom
  3865 | D:5      | Noticed a phantom
  3881 | D:5      | Killed a phantom
  3881 | D:5      | Reached skill level 12 in Slings
  3983 | D:6      | Reached XP level 8. HP: 49/49 MP: 8/8
  4032 | D:6      | Reached skill level 13 in Slings
  4213 | D:6      | Found a bloodstained altar of Trog.
  4238 | D:6      | Reached skill level 14 in Slings
  4270 | D:6      | Found Tois's General Store.
  4297 | D:6      | Noticed PeterLawrence's ghost (experienced MiFi)
  4344 | D:6      | Killed PeterLawrence's ghost
  4344 | D:6      | Reached skill level 15 in Slings
  4344 | D:6      | Reached XP level 9. HP: 27/54 MP: 7/9
  5074 | D:7      | Received a gift from Okawaru
  5084 | D:6      | Reached skill level 16 in Slings
  5281 | D:7      | Found a staircase to the Ecumenical Temple.
  5307 | D:7      | Found Alaoq's Antique Armour Emporium.
  5563 | D:7      | Bought a twisted leather armour for 210 gold pieces
  5573 | D:7      | Identified the +1 leather armour of the Heavens {*Corrode +Blink rC+ Str+3} (You bought it in a shop on level 7 of the Dungeon)
  5610 | D:7      | Got a crude turquoise ring
  5626 | D:7      | Reached skill level 17 in Slings
  5854 | D:7      | Found a blossoming altar of Fedhas.
  5854 | D:7      | Found an ancient bone altar of Kikubaaqudgha.
  6134 | D:7      | Reached XP level 10. HP: 56/60 MP: 10/10
  6467 | D:8      | Reached skill level 18 in Slings
  6614 | D:8      | Identified 2 scrolls of acquirement
  6623 | D:8      | Noticed Erolcha
  6637 | D:8      | Identified the ring "Jomuat" {+Fly rF+ Int+4 Slay+3} (You found it on level 7 of the Dungeon)
  7016 | D:8      | Noticed Maurice
  7021 | D:8      | Killed Maurice
  7196 | D:8      | Reached skill level 19 in Slings
  7904 | D:8      | Killed Erolcha
  7904 | D:8      | Received a gift from Okawaru
  8035 | D:9      | Received a gift from Okawaru
  8118 | D:9      | Reached skill level 20 in Slings
  8470 | D:9      | Found Riasch's Jewellery Shoppe.
  8478 | D:9      | Bought a cursed -2 ring of dexterity for 20 gold pieces
  8478 | D:9      | Bought a cursed -2 ring of protection for 20 gold pieces
  8478 | D:9      | Bought a cursed amulet of inaccuracy for 20 gold pieces
  8478 | D:9      | Bought a cursed ring of loudness for 45 gold pieces
  8742 | D:10     | Entered Level 10 of the Dungeon
  8872 | D:10     | Received a gift from Okawaru
  8950 | D:10     | Reached XP level 11. HP: 66/66 MP: 11/11
  8988 | D:10     | Found a staircase to the Orcish Mines.
  9087 | D:10     | Noticed a hill giant
  9409 | D:10     | Killed a hill giant
  9409 | D:10     | Reached skill level 5 in Dodging
  9557 | D:10     | Acquired Okawaru's second power
  9557 | D:10     | Received a gift from Okawaru
  9617 | D:10     | Reached skill level 5 in Fighting
  9673 | D:10     | Received a gift from Okawaru
 10278 | D:11     | Noticed a green ugly thing
 10286 | D:11     | Killed a green ugly thing
 10307 | D:11     | Found Mipavol's Book Shoppe.
 10393 | D:11     | Found a staircase to the Lair.
 10438 | D:11     | Noticed kae's ghost (powerful DsMo)
 10468 | D:11     | Killed kae's ghost
 10468 | D:11     | Received a gift from Okawaru
 10468 | D:11     | Received a gift from Okawaru
 10787 | Lair:1   | Entered Level 1 of the Lair of Beasts
 10895 | Lair:1   | Received a gift from Okawaru
 11080 | Lair:1   | Found a labyrinth entrance.
 11084 | Lair:1   | Noticed a five-headed hydra
 11090 | Lair:1   | Killed a five-headed hydra
 11090 | Lair:1   | Reached XP level 12. HP: 79/81 MP: 12/12
 11107 | Lab      | Entered a labyrinth
 11288 | Lab      | Noticed a minotaur
 11306 | Lab      | HP: 3/81 [minotaur/eveningstar (12)]
 11314 | Lab      | Demolished by a minotaur

Vault maps used:
D:1:      evilmike_arrival_crescent, minmay_misc_feat_iff, glass_columns_b
D:2:      kennysheep_big_flooded_room, okawaru_trees_1,
          gammafunk_temple_overflow_pools, first_bread,
          nicolae_tso_carved_into_rock
D:3:      cheibriados_altar_wand_db, small_statue_intersection
D:4:      lemuel_doored_altar, minmay_overflow_temple_star_quad,
          ashenzari_altar_1
D:6:      nicolae_overflow_hidden_temple, serial_shops,
          nicolae_shop_temple_entry_statues_fountains
D:7:      grunt_temple_overflow_growth_and_decay, minmay_temple_entry_glass,
          serial_shops, shop
D:8:      uniq_maurice, uniq_erolcha
D:9:      serial_shops, shop
D:10:     zombieorc1_lemuel, serial_glass, glass_columns_c, glass_columns_b,
          glass_columns_a, glass_columns_a, item_on_display_a
D:11:     minmay_lair_entry_lava, serial_shops, nicolae_shop_trees
Lair:1:   lab_entry_generic
Lab:      nicolae_lab_dead_adventurers, lab_hedge, nicolae_lab_grate

Action                   |  1- 3 |  4- 6 |  7- 9 | 10-12 || total
-------------------------+-------+-------+-------+-------++-------
Melee: Short sword       |    89 |   140 |       |    74 ||   303
       Hunting sling     |       |     2 |       |     4 ||     6
 Fire: Hunting sling     |    31 |    97 |   421 |   449 ||   998
Invok: Heroism           |       |       |     1 |     3 ||     4
  Use: Scroll            |     1 |     8 |       |    17 ||    26
       Potion            |       |       |       |     3 ||     3
 Stab: Sleeping          |     2 |     1 |       |       ||     3
       Distracted        |     1 |       |       |       ||     1
  Eat: Chunk             |     1 |     7 |     3 |    12 ||    23
       Royal jelly       |       |       |     1 |     1 ||     2
       Pizza             |       |       |     1 |     1 ||     2
       Fruit             |       |       |       |     1 ||     1
